 Dungeon Crawl Stone Soup version 0.20-a0-201-g851c6fa (webtiles) character file.

1198 KristoblXynda the Slasher (level 8, -4/63 HPs)
             Began as a Grey Draconian Berserker on Nov 24, 2016.
             Was an Elder of Trog.
             Slain by an ogre
             ... wielding a +0 giant club
              (23 damage)
             ... on level 6 of the Dungeon.
             The game lasted 00:10:35 (4937 turns).

KristoblXynda the Slasher (DrBe)                    Turns: 4937, Time: 00:10:35

Health: -4/63      AC: 17    Str: 19    XL:     8   Next: 20%
Magic:  9/9        EV: 12    Int: 10    God:    Trog [****..]
Gold:   315        SH:  9    Dex: 11    Spells: 7/7 levels left

rFire  + . .     SeeInvis .     w - +1 long sword
rCold  . . .     Gourm    .     (armour unavailable)
rNeg   . . .     Faith    .     g - +0 shield
rPois  .         Spirit   .     i - +2 hat
rElec  .         Reflect  .     (no cloak)
rCorr  +         Harm     .     o - +0 pair of gloves (curse)
MR     .....                    e - +2 pair of boots
Stlth  +.........               (no amulet)
                                n - ring of protection from fire
                                q - ring of resist corrosion

@: no status effects
A: walk through water, unfitting armour, mutation resistance 1, unbreathing,
cold-blooded, AC +11
a: Berserk, Trog's Hand, Brothers in Arms, Burn Spellbooks, Renounce Religion


You were on level 6 of the Dungeon.
You worshipped Trog.
Trog was greatly pleased with you.
You were not hungry.

You visited 2 branches of the dungeon, and saw 9 of its levels.

You collected 315 gold pieces.

Inventory:

Hand Weapons
 w - a +1 long sword (weapon)
Armour
 e - a +2 pair of boots (worn)
 g - a +0 shield (worn)
 i - a +2 hat (worn)
 o - a cursed +0 pair of gloves (worn)
Jewellery
 n - a ring of protection from fire (right hand)
 q - a ring of resist corrosion (left hand)
Wands
 r - a wand of heal wounds (5/9)
Scrolls
 c - 2 scrolls of identify
 d - 3 scrolls of teleportation
 k - a scroll of blinking
 p - a scroll of enchant weapon
 u - 3 scrolls of remove curse
Potions
 a - a potion of agility
 f - 6 potions of curing
 j - a potion of lignification
 l - a potion of heal wounds
 m - a potion of brilliance
 s - 2 potions of degeneration {unknown}
Comestibles
 b - 3 bread rations
 h - 3 chunks of flesh


   Skills:
 - Level 3.2 Fighting
 + Level 6.2 Long Blades
 - Level 3.0 Throwing
 + Level 5.8 Dodging
 + Level 3.8 Shields
 + Level 1.7 Evocations


You had 7 spell levels left.
You didn't know any spells.

Dungeon Overview and Level Annotations

Branches:
Dungeon (8/15)             Temple (1/1) D:6
   Lair: D:8-11

Altars:
Ashenzari
Cheibriados
Dithmenos
Elyvilon
Fedhas
Gozag
Hepliaklqana
Kikubaaqudgha
Makhleb
Nemelex Xobeh
Okawaru
Ru
Sif Muna
Trog
Uskayaw
Vehumet
Xom
Yredelemnul
Zin
The Shining One


Innate Abilities, Weirdness & Mutations

You can walk through water.
Your dull iron-grey scales are very hard. (AC +11)
You cannot fit into any form of body armour.
You can survive without breathing.
You are cold-blooded and may be slowed by cold attacks.
You are somewhat resistant to further mutation.


Message History

You block the ogre's attack. The crimson imp misses you.
You riposte.
You slash the crimson imp!
You kill the crimson imp!
Trog accepts your kill.
You hit the ogre but do no damage.
Your tail-slap misses the ogre.
The ogre is lightly wounded.
The ogre hits you with a giant club!
You slash the ogre!
The ogre is heavily wounded.
The ogre closely misses you.
You hit the ogre but do no damage.
Your tail-slap misses the ogre.
The ogre is heavily wounded.
The ogre hits you with a giant club!
You hit the ogre.
The ogre is severely wounded.
The ogre hits you with a giant club!
You hit the ogre.
The ogre is severely wounded.
The ogre hits you with a giant club!!
You die...

##+## # ##...##
#######.# ##.....##
#.. ...
##.......###.##O##
#.........##..@..##
+.>.......'.......#
#.........####...##
##.......## ##..#
##.....## #.#
##...## .# ##)## .#
######)### .#
#.....)).#


You could see an ogre.

Vanquished Creatures
  Edmund (D:5)
  An ice beast (D:8)
  2 phantoms
  An ogre (D:4)
  A centaur (D:5)
  A crimson imp (D:6)
  3 hounds
  3 orc wizards
  A jelly (D:6)
  A centaur skeleton (D:5)
  7 worker ants
  A worker ant zombie (D:6)
  Robin (D:4)
  8 adders
  2 adder skeletons
  2 worms
  2 dart slugs
  9 leopard geckos
  12 orcs
  3 ball pythons
  3 giant cockroaches
  15 goblins
  19 hobgoblins
  4 jackals
  8 kobolds
  4 quokkas
  13 bats
  A frilled lizard (D:3)
  5 rats
134 creatures vanquished.

Notes
Turn   | Place    | Note
-------+----------+-------------------------------------------
     0 | D:1      | KristoblXynda the Draconian Berserker began the quest for the Orb.
     0 | D:1      | Reached XP level 1. HP: 19/19 MP: 1/1
   334 | D:1      | Reached XP level 2. HP: 9/26 MP: 2/2
   376 | D:1      | Reached skill level 1 in Throwing
   837 | D:1      | Reached XP level 3. HP: 30/31 MP: 3/3
  1024 | D:2      | Reached ** piety under Trog
  1200 | D:2      | Reached XP level 4. HP: 36/38 MP: 4/4
  1505 | D:3      | Reached skill level 4 in Long Blades
  1939 | D:3      | Reached *** piety under Trog
  2031 | D:3      | Reached XP level 5. HP: 43/45 MP: 5/5
  2342 | D:4      | Gained mutation: You are somewhat resistant to further mutation. [potion of beneficial mutation]
  2383 | D:4      | Noticed a phantom
  2438 | D:4      | Killed a phantom
  2438 | D:4      | Reached XP level 6. HP: 37/51 MP: 6/6
  2476 | D:4      | Noticed Robin
  2505 | D:4      | Killed Robin
  2635 | D:4      | Reached skill level 5 in Long Blades
  2635 | D:4      | Reached skill level 1 in Shields
  2873 | D:4      | Found an opulent altar of Gozag.
  2887 | D:4      | Found a sacrificial altar of Ru.
  2900 | D:4      | Found a glowing golden altar of the Shining One.
  2903 | D:4      | Found a deep blue altar of Sif Muna.
  3016 | D:5      | Entered Level 5 of the Dungeon
  3025 | D:5      | Your scales start taking on a dull iron-grey colour.
  3025 | D:5      | Reached XP level 7. HP: 22/57 MP: 7/7
  3025 | D:5      | Gained mutation: You can survive without breathing. [Grey Draconian growth]
  3046 | D:5      | Reached skill level 5 in Dodging
  3345 | D:5      | You fall through a shaft for 3 floors!
  3833 | D:5      | Noticed Edmund
  3840 | D:5      | Killed Edmund
  3840 | D:5      | Reached skill level 6 in Long Blades
  4578 | D:6      | Found a staircase to the Ecumenical Temple.
  4594 | Temple   | Entered the Ecumenical Temple
  4751 | D:6      | Reached XP level 8. HP: 63/63 MP: 8/8
  4872 | D:6      | Reached **** piety under Trog
  4872 | D:6      | Reached skill level 1 in Evocations
  4937 | D:6      | Slain by an ogre

Vault maps used:
D:1:      dpeg_arrival_houses_and_road, dk_noncrumbling_4
D:3:      minmay_misc_feat_columns
D:4:      grunt_temple_overflow_cloverleaf, first_bread, uniq_robin
D:5:      st_stairs_4, kennysheep_boxes, uniq_edmund
D:7:      tso_altar
D:8:      hangedman_cross_stitches, nicolae_qazlal_eye_of_the_storm, serial_ice,
          serial_ice_d, serial_ice_b, serial_ice_c, serial_ice_g, serial_ice_k,
          serial_ice_e, serial_ice_n, serial_ice_a
Temple:   eino_temple_scatter_basement

Skill      XL: |  1  2  3  4  5  6  7  8 |
---------------+-------------------------+-----
Dodging        | 3 4 5 |  5.8
Throwing       | 1 2 3 |  3.0
Long Blades    | 4 5 6 |  6.2
Shields        | 2 3 |  3.8
Evocations     | 1 |  1.7
Fighting       | |  3.2

Action                   |  1- 3 |  4- 6 |  7- 9 || total
-------------------------+-------+-------+-------++-------
Melee: Falchion          |    87 |    87 |       ||   174
       Tailslap          |    15 |    26 |    19 ||    60
       Short sword       |    28 |       |       ||    28
       Long sword        |       |   115 |   117 ||   232
Invok: Berserk           |       |     2 |     1 ||     3
       Trog's Hand       |       |     1 |       ||     1
  Use: Scroll            |       |    16 |     2 ||    18
       Potion            |       |     1 |       ||     1
 Stab: Sleeping          |       |     1 |       ||     1
  Eat: Chunk             |     1 |     8 |     2 ||    11
       Fruit             |       |       |     2 ||     2
       Royal jelly       |       |       |     1 ||     1
       Beef jerky        |       |       |     1 ||     1
Armor: Skin              |    57 |    82 |    48 ||   187
Dodge: Dodged            |   101 |   181 |    61 ||   343
Block: Shield            |       |       |    25 ||    25
       Rpst.: Falchion   |    32 |    22 |       ||    54
       Long sword        |       |    26 |    21 ||    47
